TOP OF THE 1ST |
Eugene Emeralds batting - Pitching for Boise Hawks : LHP Jared Lummus
|
Pitching: LHP Jared Lummus
|
|
Batting: RHB Garrett Granata
|
0-0: Ball 1-0: Ball 2-0: Called Strike 2-1: Foul Ball, location: 2F 2-2: Ball 3-2: Ground out U3 (Groundball, 34S, EV 88.1 MPH)
|
Batting: RHB Chris Slama
|
0-0: Ground out 5-3 (Groundball, 56, EV 101.9 MPH)
|
Batting: RHB Francisco Ramirez
|
0-0: Ball 1-0: Called Strike 1-1: Ball 2-1: Ball 3-1: Called Strike 3-2: Base on Balls
|
Pitching: RHP Mike Clark
|
|
Batting: LHB Trevor Spaulding
|
0-0: Called Strike 0-1: Called Strike 0-2: Foul Ball, location: 2F 0-2: Foul Ball, location: 2F 0-2: Ground out 3-1 (Groundball, 34S, EV 86.9 MPH)
|
Top of the 1st over - 0 runs, 0 hits, 0 errors, 1 left on base; Eugene 0 - Boise 0 |
BOTTOM OF THE 1ST |
Boise Hawks batting - Pitching for Eugene Emeralds : LHP Bernard Grose
|
Pitching: LHP Bernard Grose
|
|
Batting: LHB Greg Valenzuela
|
0-0: Ground out 4-3 (Groundball, 4, EV 86.3 MPH)
|
Batting: LHB Steve Gilliam
|
0-0: Called Strike 0-1: Ball 1-1: Foul Ball, location: 2F 1-2: Ball 2-2: Ball 3-2: Reached via error on a dropped throw from 3B, E3 (Groundball, 56S, EV 87.5 MPH)
|
Batting: SHB Bobby Santor
|
0-0: Ball 1-0: Ball Wild Pitch! Steve Gilliam to second 2-0: Called Strike 2-1: Swinging Strike 2-2: Ball 3-2: Base on Balls
|
Batting: RHB Ryan Rinaldi
|
0-0: DOUBLE (Groundball, 5L, EV 108.8 MPH) Steve Gilliam scores Bobby Santor to third Runner from 3rd tries for Home, SAFE, no throw by LF
|
Batting: LHB Eddie Gonzalez
|
0-0: Called Strike 0-1: Ball 1-1: Swinging Strike 1-2: Strikes out swinging
|
Batting: RHB Eric Delgado
|
0-0: Ball 1-0: Fly out, F8 (Line Drive, 8RD, EV 101.9 MPH)
|
Bottom of the 1st over - 2 runs, 1 hit, 1 error, 1 left on base; Eugene 0 - Boise 2 |
TOP OF THE 2ND |
Eugene Emeralds batting - Pitching for Boise Hawks : RHP Mike Clark
|
Batting: RHB Jonathan Sotelo
|
0-0: SINGLE (Groundball, 56D, EV 96.3 MPH)
|
Batting: LHB Mark Huey
|
0-0: Called Strike 0-1: Foul Ball, location: 2F 0-2: Ball 1-2: Strikes out swinging Jonathan Sotelo steals 2nd, throwing error, E2 Jonathan Sotelo to third
|
Batting: SHB Bob Hamilton
|
0-0: Ball 1-0: Foul Ball, location: 2F 1-1: Foul Ball, location: 2F Balk! Jonathan Sotelo scores 1-2: Ball 2-2: Foul Ball, location: 2F 2-2: Ball 3-2: Foul Ball, location: 2F 3-2: Base on Balls
|
Batting: RHB Brian Gargis
|
0-0: Ball Bob Hamilton steals 2nd base 1-0: Called Strike 1-1: Ball 2-1: Ball 3-1: Foul Ball, location: 2F 3-2: Strikes out looking
|
Batting: RHB Jonathan Ridgely
|
0-0: Ball 1-0: Called Strike 1-1: Called Strike 1-2: Strikes out looking
|
Top of the 2nd over - 1 run, 1 hit, 1 error, 1 left on base; Eugene 1 - Boise 2 |
BOTTOM OF THE 2ND |
Boise Hawks batting - Pitching for Eugene Emeralds : LHP Bernard Grose
|
Batting: RHB Chris Tatum
|
0-0: Ball 1-0: Ball 2-0: Called Strike 2-1: Foul Ball, location: 2F 2-2: SINGLE (Groundball, 34D, EV 105.0 MPH)
|
Batting: RHB John Stevenson
|
0-0: Ball 1-0: Ball 2-0: Called Strike 2-1: Called Strike 2-2: SINGLE (Line Drive, 8RS, EV 100.6 MPH) Chris Tatum to second Runner from 2nd tries for 3rd, SAFE, no throw by CF
|
Batting: RHB Matt Cone
|
0-0: Called Strike 0-1: Ball 1-1: Foul Ball, location: 2F 1-2: Fielders Choice at 2nd, 4-6 (Groundball, 4, EV 107.5 MPH) Chris Tatum scores
|
Batting: LHB Greg Valenzuela
|
0-0: Called Strike 0-1: Ball 1-1: Called Strike 1-2: Foul Ball, location: 2F 1-2: Strikes out swinging
|
Batting: LHB Steve Gilliam
|
0-0: Called Strike Matt Cone steals 2nd base 0-1: Ball 1-1: Called Strike 1-2: Strikes out swinging
|
Bottom of the 2nd over - 1 run, 2 hits, 0 errors, 1 left on base; Eugene 1 - Boise 3 |
TOP OF THE 3RD |
Eugene Emeralds batting - Pitching for Boise Hawks : RHP Mike Clark
|
Batting: RHB Garrett Granata
|
0-0: Called Strike 0-1: Ball 1-1: Ground out 5-3 (Groundball, 56, EV 81.3 MPH)
|
Batting: RHB Chris Slama
|
0-0: Called Strike 0-1: Fly out, F9 (Flyball, 9LS, EV 98.1 MPH)
|
Batting: RHB Francisco Ramirez
|
0-0: Foul Ball, location: 2F 0-1: Fly out, F8 (Flyball, 8LM, EV 86.9 MPH)
|
Top of the 3rd over - 0 runs, 0 hits, 0 errors, 0 left on base; Eugene 1 - Boise 3 |
BOTTOM OF THE 3RD |
Boise Hawks batting - Pitching for Eugene Emeralds : LHP Bernard Grose
|
Batting: SHB Bobby Santor
|
0-0: Ball 1-0: Ball 2-0: Ball 3-0: Swinging Strike 3-1: Fly out, F9 (Flyball, 9LS, EV 80.6 MPH)
|
Batting: RHB Ryan Rinaldi
|
0-0: Swinging Strike 0-1: Called Strike 0-2: Ball 1-2: Ball 2-2: Ball 3-2: Reached on error, E6 (Groundball, 6, EV 105.0 MPH)
|
Batting: LHB Eddie Gonzalez
|
0-0: Ball 1-0: SINGLE (Line Drive, 3D, EV 95.0 MPH) Ryan Rinaldi to second Runner from 2nd tries for 3rd, SAFE, throw by RF made to third
|
Batting: RHB Eric Delgado
|
0-0: Ball Eddie Gonzalez steals 2nd, throwing error, E2 Ryan Rinaldi scores Eddie Gonzalez to third 1-0: Ground out 6-3 (Groundball, 6, EV 99.4 MPH) Eddie Gonzalez scores
|
Batting: RHB Chris Tatum
|
0-0: Ball 1-0: Ball 2-0: Ball 3-0: Base on Balls
|
Pitching: RHP Miles Edwards
|
|
Batting: RHB John Stevenson
|
0-0: Foul Ball, location: 2F 0-1: SINGLE (Groundball, 6MD, EV 95.0 MPH) Chris Tatum to second Runner from 2nd tries for 3rd, OUT! 8-5
|
Bottom of the 3rd over - 2 runs, 2 hits, 2 errors, 1 left on base; Eugene 1 - Boise 5 |
TOP OF THE 4TH |
Eugene Emeralds batting - Pitching for Boise Hawks : RHP Mike Clark
|
Batting: LHB Trevor Spaulding
|
0-0: Ball 1-0: Ground out U3 (Groundball, 34, EV 81.3 MPH)
|
Batting: RHB Jonathan Sotelo
|
0-0: Called Strike 0-1: Ground out 4-3 (Groundball, 4, EV 86.9 MPH)
|
Batting: LHB Mark Huey
|
0-0: SINGLE (Line Drive, 6D, EV 99.4 MPH)
|
Batting: SHB Bob Hamilton
|
0-0: Called Strike Mark Huey steals 2nd base 0-1: Ball 1-1: Called Strike 1-2: Ball 2-2: Ball 3-2: Base on Balls
|
Pitching: LHP Glenn Lowther
|
|
Batting: RHB Brian Gargis
|
0-0: Swinging Strike 0-1: Fly out, F8 (Flyball, 8RM, EV 92.5 MPH)
|
Top of the 4th over - 0 runs, 1 hit, 0 errors, 2 left on base; Eugene 1 - Boise 5 |
BOTTOM OF THE 4TH |
Boise Hawks batting - Pitching for Eugene Emeralds : RHP Miles Edwards
|
Batting: RHB Matt Cone
|
0-0: Foul Ball, location: 2F 0-1: Ground out U3 (Groundball, 34, EV 99.4 MPH)
|
Batting: LHB Greg Valenzuela
|
0-0: Foul Ball, location: 2F 0-1: Ball 1-1: Swinging Strike 1-2: Strikes out swinging
|
Batting: LHB Steve Gilliam
|
0-0: Ball 1-0: Ball 2-0: Ball 3-0: Called Strike 3-1: Base on Balls
|
Batting: SHB Bobby Santor
|
0-0: Ball 1-0: Ball 2-0: Ball 3-0: Called Strike 3-1: Foul Ball, location: 2F 3-2: Strikes out looking
|
Bottom of the 4th over - 0 runs, 0 hits, 0 errors, 1 left on base; Eugene 1 - Boise 5 |
TOP OF THE 5TH |
Eugene Emeralds batting - Pitching for Boise Hawks : LHP Glenn Lowther
|
Batting: RHB Jonathan Ridgely
|
0-0: Called Strike 0-1: Foul Ball, location: 2F 0-2: Ball 1-2: Ball 2-2: Foul Ball, location: 2F 2-2: Fly out, F8 (Line Drive, 8LD, EV 92.5 MPH)
|
Batting: RHB Garrett Granata
|
0-0: Ball 1-0: Fly out, F9 (Flyball, 9LM, EV 96.3 MPH)
|
Batting: RHB Chris Slama
|
0-0: Foul Ball, location: 2F 0-1: Foul Ball, location: 2F 0-2: Foul Ball, location: 2F 0-2: Ball 1-2: Foul Ball, location: 2F 1-2: Strikes out swinging
|
Top of the 5th over - 0 runs, 0 hits, 0 errors, 0 left on base; Eugene 1 - Boise 5 |
BOTTOM OF THE 5TH |
Boise Hawks batting - Pitching for Eugene Emeralds : RHP Miles Edwards
|
Batting: RHB Ryan Rinaldi
|
0-0: Foul Ball, location: 2F 0-1: Swinging Strike 0-2: Ball 1-2: Foul Ball, location: 2F 1-2: Ground out 4-3 (Groundball, 4, EV 90.0 MPH)
|
Batting: LHB Eddie Gonzalez
|
0-0: Called Strike 0-1: Ball 1-1: Ground out 5-3 (Groundball, 56, EV 85.6 MPH)
|
Batting: RHB Eric Delgado
|
0-0: Called Strike 0-1: Foul Ball, location: 2F 0-2: Ball 1-2: Ball 2-2: Ball 3-2: DOUBLE (Line Drive, 8RD, EV 107.5 MPH)
|
Batting: RHB Chris Tatum
|
0-0: Fly out, F9 (Line Drive, 9, EV 98.1 MPH)
|
Bottom of the 5th over - 0 runs, 1 hit, 0 errors, 1 left on base; Eugene 1 - Boise 5 |
TOP OF THE 6TH |
Eugene Emeralds batting - Pitching for Boise Hawks : LHP Glenn Lowther
|
Batting: RHB Francisco Ramirez
|
0-0: Ball 1-0: Called Strike 1-1: Ball 2-1: SINGLE (Line Drive, 5D, EV 98.8 MPH)
|
Batting: LHB Trevor Spaulding
|
0-0: Ball 1-0: Fielders Choice at 2nd, 3-6 (Groundball, 3S, EV 86.9 MPH)
|
Batting: RHB Jonathan Sotelo
|
0-0: Fielders Choice at 2nd, 5-4 (Groundball, 56, EV 96.9 MPH)
|
Batting: LHB Mark Huey
|
0-0: Ball 1-0: Foul Ball, location: 2F 1-1: Called Strike 1-2: Ball 2-2: Ball 3-2: Strikes out looking
|
Top of the 6th over - 0 runs, 1 hit, 0 errors, 1 left on base; Eugene 1 - Boise 5 |
BOTTOM OF THE 6TH |
Boise Hawks batting - Pitching for Eugene Emeralds : RHP Miles Edwards
|
Batting: RHB John Stevenson
|
0-0: Foul Ball, location: 2F 0-1: Ball 1-1: Fly out, F9 (Flyball, 89M, EV 89.4 MPH)
|
Batting: RHB Matt Cone
|
0-0: Ball 1-0: Called Strike 1-1: Reached on error, E4 (Groundball, 4, EV 100.0 MPH)
|
Batting: LHB Greg Valenzuela
|
0-0: Foul Ball, location: 2F 0-1: Ball 1-1: Foul Ball, location: 2F 1-2: Ball 2-2: Ground out 4-3 (Groundball, 34, EV 105.0 MPH) Matt Cone to third
|
Batting: LHB Steve Gilliam
|
0-0: Called Strike 0-1: Foul Ball, location: 2F 0-2: Ball 1-2: Ball 2-2: Foul Ball, location: 2F 2-2: Foul Ball, location: 2F 2-2: Ball 3-2: DOUBLE (Flyball, 78XD, EV 104.4 MPH) Matt Cone scores
|
Pitching: LHP Jesse Fields
|
|
Batting: SHB Bobby Santor
|
0-0: Ball 1-0: Ball 2-0: Foul Ball, location: 2F 2-1: Foul Ball, location: 2F 2-2: Ball 3-2: Foul Ball, location: 2F 3-2: Foul Ball, location: 2F 3-2: Fly out, F3 (Popup, 34S, EV 79.4 MPH)
|
Bottom of the 6th over - 1 run, 1 hit, 1 error, 1 left on base; Eugene 1 - Boise 6 |
TOP OF THE 7TH |
Eugene Emeralds batting - Pitching for Boise Hawks : LHP Glenn Lowther
|
Batting: SHB Bob Hamilton
|
0-0: Ground out 4-3 (Groundball, 4, EV 106.3 MPH)
|
Batting: RHB Brian Gargis
|
0-0: Called Strike 0-1: Foul Ball, location: 2F 0-2: Ball 1-2: Strikes out swinging
|
Batting: RHB Jonathan Ridgely
|
0-0: Ball 1-0: Called Strike 1-1: Foul Ball, location: 2F 1-2: Ball 2-2: Strikes out looking
|
Top of the 7th over - 0 runs, 0 hits, 0 errors, 0 left on base; Eugene 1 - Boise 6 |
BOTTOM OF THE 7TH |
Boise Hawks batting - Pitching for Eugene Emeralds : LHP Jesse Fields
|
Batting: RHB Ryan Rinaldi
|
0-0: Swinging Strike 0-1: Called Strike 0-2: Ball 1-2: Ball 2-2: Ball 3-2: Base on Balls
|
Batting: LHB Eddie Gonzalez
|
0-0: Ball 1-0: Foul Ball, location: 2F 1-1: Ball 2-1: Fielders Choice at 2nd, 6-4 (Groundball, 6, EV 103.8 MPH)
|
Batting: RHB Eric Delgado
|
0-0: Ball Eddie Gonzalez steals 2nd base (no throw) 1-0: Ball Eddie Gonzalez steals 3rd base 2-0: Called Strike 2-1: Called Strike 2-2: Foul Ball, location: 2F 2-2: Foul Ball, location: 2F 2-2: Strikes out looking
|
Batting: RHB Chris Tatum
|
0-0: Ball 1-0: Called Strike 1-1: Ball 2-1: Ground out 5-3 (Groundball, 56S, EV 93.8 MPH)
|
Bottom of the 7th over - 0 runs, 0 hits, 0 errors, 1 left on base; Eugene 1 - Boise 6 |
TOP OF THE 8TH |
Eugene Emeralds batting - Pitching for Boise Hawks : LHP Glenn Lowther
|
Pitching: LHP Dan Ott
|
|
Batting: RHB Garrett Granata
|
0-0: Ball 1-0: Ball 2-0: Ground out 3-1 (Groundball, 34, EV 103.1 MPH)
|
Batting: RHB Chris Slama
|
0-0: Ball 1-0: Ball 2-0: Ground out 4-3 (Groundball, 4S, EV 85.6 MPH)
|
Batting: RHB Francisco Ramirez
|
0-0: Ball 1-0: Called Strike 1-1: Foul Ball, location: 2F 1-2: Ball 2-2: Ground out 6-3 (Groundball, 56, EV 89.4 MPH)
|
Top of the 8th over - 0 runs, 0 hits, 0 errors, 0 left on base; Eugene 1 - Boise 6 |
BOTTOM OF THE 8TH |
Boise Hawks batting - Pitching for Eugene Emeralds : LHP Jesse Fields
|
Batting: RHB John Stevenson
|
0-0: Foul Ball, location: 2F 0-1: Swinging Strike 0-2: Foul Ball, location: 2F 0-2: Ball 1-2: Foul Ball, location: 2F 1-2: Ball 2-2: Strikes out looking
|
Batting: RHB Matt Cone
|
0-0: Ball 1-0: Ground out 6-3 (Groundball, 6, EV 84.4 MPH)
|
Batting: LHB Greg Valenzuela
|
0-0: Ball 1-0: Ball 2-0: Ball 3-0: Base on Balls
|
Batting: LHB Steve Gilliam
|
0-0: Called Strike Greg Valenzuela steals 2nd base 0-1: Ball 1-1: Foul Ball, location: 2F 1-2: Ball 2-2: Strikes out swinging
|
Bottom of the 8th over - 0 runs, 0 hits, 0 errors, 1 left on base; Eugene 1 - Boise 6 |
TOP OF THE 9TH |
Eugene Emeralds batting - Pitching for Boise Hawks : LHP Dan Ott
|
Batting: LHB Trevor Spaulding
|
0-0: Swinging Strike 0-1: Ball 1-1: Ball 2-1: Ball 3-1: Ground out 4-3 (Groundball, 4, EV 89.4 MPH)
|
Batting: RHB Jonathan Sotelo
|
0-0: Swinging Strike 0-1: SINGLE (Groundball, 34, EV 97.5 MPH)
|
Batting: LHB Mark Huey
|
0-0: Ball 1-0: SINGLE (Groundball, 15S, EV 68.8 MPH) (infield hit) Jonathan Sotelo to second
|
Batting: SHB Bob Hamilton
|
0-0: Called Strike 0-1: Ball Wild Pitch! Jonathan Sotelo to third Mark Huey to second 1-1: Called Strike 1-2: Strikes out swinging
|
Pitching: RHP Tye Dickinson
|
|
Pinch Hitting: LHB Kwang-chih Men
|
0-0: Ground out 6-3 (Groundball, 6, EV 86.9 MPH)
|
Top of the 9th over - 0 runs, 2 hits, 0 errors, 2 left on base; Eugene 1 - Boise 6 |
|